 Dungeon Crawl Stone Soup version 0.23.3 (webtiles) character file.

Game seed: 5504331753971281899

61455 MordorOrchid the Thaumaturge (level 15, -4/114 HPs)
             Began as a Gnoll Fire Elementalist on Apr 10, 2020.
             Was a High Priest of Vehumet.
             Killed from afar by a manticore (17 damage)
             ... with a volley of spikes
             ... on level 1 of the Shoals on Apr 11, 2020.
             The game lasted 02:24:31 (16817 turns).

MordorOrchid the Thaumaturge (GnFE)                Turns: 16817, Time: 02:24:31

Health: -4/114     AC: 20    Str: 12    XL:     15   Next: 3%
Magic:  38/38      EV: 16    Int: 23    God:    Vehumet [*****.]
Gold:   905        SH:  0    Dex: 19    Spells: 1/35 levels left

rFire    + + .     SeeInvis .   p - +6 glaive "Vicetuzo" {venom, rC- Dex+4}
rCold    x . .     Gourm    .   (shield currently unavailable)
rNeg     . . .     Faith    .   u - +5 scale mail {rF+}
rPois    +         Spirit   .   V - +0 helmet
rElec    .         Reflect  .   I - +1 cloak {rPois}
rCorr    .         Harm     .   o - +0 pair of gloves
MR       +....                  W - +0 pair of boots
Stlth    ++........             X - amulet of magic regeneration
HPRegen  0.29/turn              T - ring of protection from fire
MPRegen  0.51/turn              M - ring of magical power

@: barbed spikes, very slightly contaminated, glowing
A: distributed training, fangs 1, strong nose
a: Renounce Religion


You were on level 1 of the Shoals.
You worshipped Vehumet.
Vehumet was extremely pleased with you.
You were not hungry.

You visited 5 branches of the dungeon, and saw 22 of its levels.
You also visited: Sewer.

You collected 2445 gold pieces.
You spent 1540 gold pieces at shops.

Inventory:

Hand Weapons
 a - the +11 hand axe of Wamuemi {elec, rElec rC+}
   (You found it on level 11 of the Dungeon)

   Occasionally, upon striking a foe, it will discharge some electrical energy
   and cause terrible harm.
   It protects you from cold.
   It insulates you from electricity.
 i - a +5 long sword of flaming
 j - a +2 longbow of venom
 p - the +6 glaive "Vicetuzo" (weapon) {venom, rC- Dex+4}
   (You found it on level 6 of the Dungeon)

   It poisons the flesh of those it strikes.
   It affects your dexterity (+4).
   It makes you vulnerable to cold.
Missiles
 e - 8 poisoned tomahawks
 l - 2 throwing nets
 r - 6 javelins (quivered)
 s - 173 arrows
 K - 4 tomahawks of dispersal
Armour
 o - a +0 pair of gloves (worn)
 u - a +5 scale mail of fire resistance (worn)
 I - a +1 cloak of poison resistance (worn)
 V - a +0 helmet (worn)
 W - a +0 pair of boots (worn)
 Z - a +2 ring mail of cold resistance
Magical Staves
 E - an uncursed staff of cold
Jewellery
 b - an uncursed amulet of regeneration
 M - a ring of magical power (right hand)
 P - an uncursed ring of ice
 T - a ring of protection from fire (left hand)
 X - an amulet of magic regeneration (around neck)
Wands
 n - a wand of polymorph (8)
 v - a wand of paralysis (6)
 G - a wand of iceblast (10)
 L - a wand of disintegration (11)
 R - a wand of digging (6)
 U - a wand of flame (53)
Scrolls
 h - 2 scrolls of fear
 m - 7 scrolls of remove curse
 q - 2 scrolls of fog
 x - a scroll of summoning
 B - 2 scrolls of amnesia
 C - 3 scrolls of magic mapping
 F - a scroll of blinking
 J - 6 scrolls of teleportation
 Y - 2 scrolls of immolation
Potions
 d - 8 potions of curing
 k - 2 potions of ambrosia
 t - a potion of magic
 w - a potion of lignification
 y - 2 potions of flight
 z - a potion of berserk rage
 D - 4 potions of haste
 H - a potion of invisibility
 N - 2 potions of might
 O - 4 potions of agility
Comestibles
 c - 32 rations


   Skills:
 + Level 9.5 Fighting
 + Level 9.5 Short Blades
 + Level 9.5 Long Blades
 + Level 9.5 Axes
 + Level 9.5 Maces & Flails
 + Level 9.5 Polearms
 + Level 9.5 Staves
 + Level 9.5 Slings
 + Level 9.5 Bows
 + Level 9.5 Crossbows
 + Level 9.5 Throwing
 + Level 9.5 Armour
 + Level 10.5 Dodging
 + Level 10.4 Stealth
 + Level 9.5 Shields
 + Level 9.5 Unarmed Combat
 + Level 10.7 Spellcasting
 + Level 8.3 Conjurations
 + Level 8.0 Hexes
 + Level 8.0 Charms
 + Level 8.0 Summonings
 + Level 8.0 Necromancy
 + Level 8.0 Translocations
 + Level 8.0 Transmutations
 + Level 9.7 Fire Magic
 + Level 8.0 Ice Magic
 + Level 8.0 Air Magic
 + Level 8.0 Earth Magic
 + Level 8.0 Poison Magic
 + Level 10.3 Invocations
 + Level 9.5 Evocations


You had one spell level left.
You knew the following spells:

 Your Spells              Type           Power        Failure   Level  Hunger
a - Flame Tongue          Conj/Fire      #####        1%          1    None
b - Throw Flame           Conj/Fire      ######       1%          2    None
c - Conjure Flame         Conj/Fire      ######..     1%          3    None
d - Inner Flame           Hex/Fire       ######..     1%          3    None
e - Sticky Flame          Conj/Fire      ######..     1%          4    #......
f - Fireball              Conj/Fire      ######....   4%          5    ####...
j - Summon Lightning Spi  Summ/Air       #####...     8%          4    #......
r - Irradiate             Conj/Tmut      ######....   5%          5    ####...
u - Animate Skeleton      Necr           N/A          1%          1    None
z - Apportation           Tloc           #####.       1%          1    None
A - Confusing Touch       Hex            #####.       1%          1    None
P - Airstrike             Air            #####.....   2%          4    #......

Your spell library contained the following spells:

 Spells                   Type           Power        Failure   Level  Hunger
 Poison Arrow             Conj/Pois      ######....   26%         6    ######.
 Corona                   Hex            #####..      1%          1    None
 Summon Small Mammal      Summ           ####         1%          1    None
 Call Imp                 Summ           #####...     1%          2    None
 Slow                     Hex            #####...     1%          2    None
 Call Canine Familiar     Summ           #####...     2%          3    None
 Portal Projectile        Hex/Tloc       #####.       2%          3    None
 Summon Guardian Golem    Hex/Summ       #####...     2%          3    None
 Cause Fear               Hex            #####.....   8%          4    #......
 Leda's Liquefaction      Hex/Erth       #####.....   8%          4    #......
 Summon Ice Beast         Ice/Summ       #####...     8%          4    #......
 Hydra Form               Tmut           #####.....   75%         6    ######.
 Statue Form              Tmut/Erth      #####....    75%         6    ######.
 Dragon Form              Tmut           #####.....   99%         7    #######


Dungeon Overview and Level Annotations

Branches:
Dungeon (12/15)            Temple (1/1) D:6            Lair (6/6) D:9
 Shoals (1/4) Lair:3        Snake (0/4) Lair:3        Slime (0/5) Lair:6
    Orc (2/2) D:9             Elf (0/3) Orc:2

Altars:
Ashenzari
Cheibriados
Dithmenos
Elyvilon
Fedhas
Gozag
Hepliaklqana
Kikubaaqudgha
Makhleb
Nemelex Xobeh
Okawaru
Qazlal
Ru
Sif Muna
Trog
Uskayaw
Vehumet
Wu Jian
Xom
Yredelemnul
Zin
The Shining One

Shops:
D:8 :   Orc:1 (   Orc:2 **[:


Innate Abilities, Weirdness & Mutations

Your experience applies equally to all skills.
You have very sharp teeth.
Your uncanny sense of smell can sniff out nearby items.


Message History

The dream sheep closely misses you.
You slash the dream sheep!
The dream sheep looks as sick as possible!
You bite the dream sheep, but do no damage.
The dream sheep is severely wounded.
The dream sheep bites you.
* * * LOW HITPOINT WARNING * * *
The dream sheep bites you but does no damage.
You slash the dream sheep!
You kill the dream sheep!
Vehumet accepts your kill.
You kill the dream sheep!
Vehumet accepts your kill.
You see here a sling bullet.
A manticore comes into view.
You see here a sling bullet.
The manticore flicks its tail.
The volley of spikes hits you!
The barbed spikes become lodged in your body.
You die...

...≈PPP≈P≈P≈≈≈≈P ≈≈≈.
...≈≈P≈P≈≈≈≈≈###≈≈≈≈ .
#..P≈≈≈.P...##..≈≈≈ ..
#...P≈PP#......≈≈≈≈
...###....≈≈..P.$...≈≈c≈
..H....$≈≈≈≈P.HP≈≈.≈)Hcc
#.........H.Y}≈≈≈≈[≈Y.
#....)###.##.≈≈≈(≈)≈.c
##.[.@######..H.≈<≈C..
.##...(P.# #P.(.(≈≈≈≈.
........(.##.[.(.()≈≈≈.
####....>P)....≈≈≈≈≈≈≈≈
##P.P.....≈(≈≈≈≈≈≈≈.
.......≈≈≈≈≈≈≈≈≈≈≈≈..
#.###..(≈≈≈≈≈≈≈≈≈≈≈≈. #.
#.≈≈≈≈≈≈≈≈≈≈≈≈≈.. #
..≈≈≈≈≈≈≈≈≈


You could see a manticore.

Vanquished Creatures
  Rupert (Orc:2)
  A stone giant (Orc:1)
  Azrael (Orc:1)
  Nessos (Orc:2)
  A merfolk impaler (Shoals:1)
  Josephine (Orc:1)
  Harold (Lair:1)
  An ice dragon (Lair:6)
  A centaur warrior (D:11)
  2 two-headed ogres
  3 orc high priests (Orc:2)
  2 sea snakes (Lair:3)
  A lindwurm (Lair:3)
  A necromancer (Lair:5)
  Pikel (D:7)
  3 orc knights
  4 orc sorcerers
  2 wolf spiders (Lair:6)
  3 oklob plants (Lair:6)
  A faun (Shoals:1)
  2 manticores
  8 elephants
  Maurice (D:9)
  5 black mambas
  6 torpor snails
  A merfolk siren (Shoals:1)
  Psyche (D:10)
  A guardian serpent (Lair:6)
  9 spiny frogs
  2 rime drakes
  3 komodo dragons
  3 kobold demonologists (D:11)
  A polar bear (Lair:5)
  7 tyrant leeches
  2 trolls
  3 merfolk (Shoals:1)
  5 blink frogs
  9 hornets (Lair:6)
  5 dream sheep
  4 hippogriffs
  4 wraiths (Orc:1)
  3 redbacks (Lair:6)
  4 yaks
  9 wyverns
  4 hogs (D:8)
  A human (D:8)
  3 basilisks
  4 fire elementals (Orc:1)
  4 hungry ghosts
  A warg (D:9)
  2 nagas (Lair:3)
  A swamp worm (Lair:4)
  A hell hound (Orc:1)
  17 water moccasins
  4 porcupines
  Duvessa (D:7)
  4 ice beasts
  31 orc warriors
  3 eyes of draining
  3 sky beasts
  2 black bears (D:6)
  11 ogres
  6 wolves (Lair:6)
  5 centaurs
  16 crocodiles
  2 big kobolds (D:11)
  12 bullfrogs
  A wyvern zombie (D:9)
  Dowan (D:7)
  A wyvern skeleton (D:11)
  A water moccasin skeleton (D:4)
  4 scorpions
  5 wights
  A howler monkey (D:9)
  6 crimson imps
  A quasit (D:10)
  3 hounds
  A jelly (D:7)
  A gnoll shaman (D:4)
  27 orc priests
  35 orc wizards
  A bullfrog skeleton (D:5)
  5 iguanas
  Terence (D:2)
  10 worker ants
  3 polar bear simulacra (Lair:5)
  A wolf simulacrum (Lair:5)
  A yak simulacrum (Lair:5)
  A howler monkey zombie (D:6)
  4 gnolls (D:4)
  A river rat (D:4)
  7 adders
  A shadow imp (D:9)
  An adder zombie (D:7)
  2 dart slugs (D:3)
  5 leopard geckos
  109 orcs
  20 giant cockroaches
  3 goblins
  11 hobgoblins
  2 jackals (D:5)
  16 kobolds
  2 quokkas
  5 ball pythons
  8 bats
  9 frilled lizards
  A giant cockroach zombie (D:6)
  A jackal skeleton (D:4)
  A jackal zombie (D:8)
  A leopard gecko skeleton (D:7)
  2 quokka skeletons
  A quokka zombie (D:6)
  9 rats
  5 river rat simulacra (Lair:5)
  A fungus (Lair:6)
  2 plants (Lair:6)
609 creatures vanquished.

Vanquished Creatures (collateral kills)
  A lindwurm (Lair:6)
  2 orc knights (Orc:2)
  A faun (Shoals:1)
  A manticore (Shoals:1)
  A black mamba (Lair:6)
  2 spiny frogs
  3 tyrant leeches
  5 blink frogs
  4 dream sheep (Lair:5)
  A wyvern (Lair:6)
  4 yaks
  A basilisk (Lair:1)
  A swamp worm (Lair:4)
  5 water moccasins
  3 crocodiles
  4 bullfrogs
  An orc wizard (Orc:2)
  An orc (Orc:2)
  5 fungi
  4 plants
50 creatures vanquished.

Vanquished Creatures (others)
  A fire elemental (Orc:1)
  A hell hound (Orc:2)
  2 slaves (D:7)
  A scorpion (D:7)
  A wight (D:7)
  A killer bee zombie (D:7)
  An orc (Orc:1)
  A giant cockroach (D:7)
  27 fungi
  26 plants
62 creatures vanquished.

Grand Total: 721 creatures vanquished

Notes
Turn   | Place    | Note
-------+----------+-------------------------------------------
     0 | D:1      | MordorOrchid the Gnoll Fire Elementalist began the quest
                  | for the Orb.
     0 | D:1      | Reached XP level 1. HP: 13/13 MP: 6/6
    68 | D:1      | Found a shimmering altar of Xom.
   125 | D:1      | Reached XP level 2. HP: 19/19 MP: 5/7
   129 | D:1      | Learned a level 2 spell: Throw Flame
   525 | D:2      | Reached skill level 5 in Spellcasting
   525 | D:2      | Reached XP level 3. HP: 23/25 MP: 3/9
   533 | D:2      | Learned a level 3 spell: Conjure Flame
   537 | D:2      | Learned a level 3 spell: Inner Flame
   635 | D:2      | Noticed Terence
   685 | D:2      | Reached skill level 1 in Invocations
   797 | D:2      | Killed Terence
   797 | D:2      | Reached skill level 1 in Fighting
   797 | D:2      | Reached skill level 1 in Short Blades
   797 | D:2      | Reached skill level 1 in Long Blades
   797 | D:2      | Reached skill level 1 in Axes
   797 | D:2      | Reached skill level 1 in Maces & Flails
   797 | D:2      | Reached skill level 1 in Polearms
   797 | D:2      | Reached skill level 1 in Staves
   797 | D:2      | Reached skill level 1 in Slings
   797 | D:2      | Reached skill level 1 in Bows
   797 | D:2      | Reached skill level 1 in Crossbows
   797 | D:2      | Reached skill level 1 in Throwing
   797 | D:2      | Reached skill level 1 in Armour
   797 | D:2      | Reached skill level 1 in Shields
   797 | D:2      | Reached skill level 1 in Unarmed Combat
   797 | D:2      | Reached skill level 1 in Evocations
   797 | D:2      | Reached XP level 4. HP: 18/32 MP: 3/11
  1001 | D:2      | Learned a level 4 spell: Sticky Flame
  1171 | D:3      | Reached skill level 1 in Hexes
  1171 | D:3      | Reached skill level 1 in Charms
  1171 | D:3      | Reached skill level 1 in Summonings
  1171 | D:3      | Reached skill level 1 in Necromancy
  1171 | D:3      | Reached skill level 1 in Translocations
  1171 | D:3      | Reached skill level 1 in Transmutations
  1171 | D:3      | Reached skill level 1 in Ice Magic
  1171 | D:3      | Reached skill level 1 in Air Magic
  1171 | D:3      | Reached skill level 1 in Earth Magic
  1171 | D:3      | Reached skill level 1 in Poison Magic
  1434 | D:3      | Reached XP level 5. HP: 37/37 MP: 5/12
  1658 | D:4      | Noticed an orc warrior
  1726 | D:4      | Killed an orc warrior
  1726 | D:4      | Reached XP level 6. HP: 18/44 MP: 2/14
  1792 | D:4      | Reached skill level 5 in Dodging
  1806 | D:4      | Found a glowing drain.
  1817 | Sewer    | Entered a sewer
  2177 | D:4      | Reached XP level 7. HP: 31/50 MP: 6/15
  2739 | D:5      | Entered Level 5 of the Dungeon
  2816 | D:5      | Reached skill level 5 in Stealth
  2902 | D:4      | Found a bloodstained altar of Trog.
  2928 | D:4      | Reached XP level 8. HP: 57/57 MP: 0/16
  3399 | D:5      | Found a shadowy altar of Dithmenos.
  3662 | D:6      | Reached XP level 9. HP: 65/65 MP: 0/18
  3694 | D:6      | Learned a level 5 spell: Fireball
  3736 | D:6      | Found a staircase to the Ecumenical Temple.
  3764 | Temple   | Entered the Ecumenical Temple
  4291 | D:6      | Got a jewelled glaive
  4297 | D:6      | Identified the +6 glaive "Vicetuzo" {venom, rC- Dex+4} (You
                  | found it on level 6 of the Dungeon)
  4332 | D:6      | Found a radiant altar of Vehumet.
  4364 | D:6      | Became a worshipper of Vehumet
  4406 | D:7      | Found a white marble altar of Elyvilon.
  4430 | D:7      | Noticed Duvessa
  4430 | D:7      | Noticed Pikel
  4439 | D:7      | Killed Duvessa
  4443 | D:7      | Noticed Dowan
  4457 | D:7      | Killed Pikel
  4457 | D:7      | Reached skill level 5 in Invocations
  4465 | D:7      | Killed Dowan
  4592 | D:7      | Reached XP level 10. HP: 72/73 MP: 18/20
  4705 | D:7      | Reached * piety under Vehumet
  4705 | D:7      | Offered knowledge of Freeze by Vehumet.
  4945 | D:8      | Reached skill level 5 in Fighting
  4945 | D:8      | Reached skill level 5 in Short Blades
  4945 | D:8      | Reached skill level 5 in Long Blades
  4945 | D:8      | Reached skill level 5 in Axes
  4945 | D:8      | Reached skill level 5 in Maces & Flails
  4945 | D:8      | Reached skill level 5 in Polearms
  4945 | D:8      | Reached skill level 5 in Staves
  4945 | D:8      | Reached skill level 5 in Slings
  4945 | D:8      | Reached skill level 5 in Bows
  4945 | D:8      | Reached skill level 5 in Crossbows
  4945 | D:8      | Reached skill level 5 in Throwing
  4945 | D:8      | Reached skill level 5 in Armour
  4945 | D:8      | Reached skill level 5 in Shields
  4945 | D:8      | Reached skill level 5 in Unarmed Combat
  4945 | D:8      | Reached skill level 5 in Evocations
  5200 | D:8      | Found Cyufixow's Book Boutique.
  5211 | D:8      | Bought a book of Callings for 360 gold pieces
  5216 | D:8      | Learned a level 4 spell: Summon Lightning Spire
  5497 | D:8      | Found a stormy altar of Qazlal.
  5534 | D:9      | Reached skill level 5 in Conjurations
  5659 | D:9      | Found a staircase to the Orcish Mines.
  5692 | D:9      | Learned a level 1 spell: Animate Skeleton
  5730 | D:9      | Offered knowledge of Throw Frost by Vehumet.
  5742 | D:9      | Reached ** piety under Vehumet
  5856 | D:9      | Noticed Maurice
  5866 | D:9      | Killed Maurice
  5975 | D:9      | Found a staircase to the Lair.
  6016 | D:9      | Reached XP level 11. HP: 81/81 MP: 18/22
  6094 | D:10     | Entered Level 10 of the Dungeon
  6156 | D:10     | Noticed a two-headed ogre
  6182 | D:9      | Killed a two-headed ogre
  6255 | D:10     | Noticed Psyche
  6264 | D:10     | Killed Psyche
  6380 | D:10     | Reached skill level 5 in Hexes
  6380 | D:10     | Reached skill level 5 in Charms
  6380 | D:10     | Reached skill level 5 in Summonings
  6380 | D:10     | Reached skill level 5 in Necromancy
  6380 | D:10     | Reached skill level 5 in Translocations
  6380 | D:10     | Reached skill level 5 in Transmutations
  6380 | D:10     | Reached skill level 5 in Ice Magic
  6380 | D:10     | Reached skill level 5 in Air Magic
  6380 | D:10     | Reached skill level 5 in Earth Magic
  6380 | D:10     | Reached skill level 5 in Poison Magic
  6539 | D:10     | Offered knowledge of Stone Arrow by Vehumet.
  6765 | D:11     | Noticed a soul eater
  6943 | D:11     | Noticed a manticore
  6949 | D:11     | Killed a manticore
  7032 | D:11     | Reached *** piety under Vehumet
  7056 | D:11     | Noticed a centaur warrior
  7066 | D:11     | Killed a centaur warrior
  7101 | D:11     | Got a shimmering hand axe
  7420 | D:11     | Identified the +11 hand axe of Wamuemi {elec, rElec rC+}
                  | (You found it on level 11 of the Dungeon)
  7512 | D:12     | Noticed a two-headed ogre
  7564 | Lair:1   | Entered Level 1 of the Lair of Beasts
  7588 | Lair:1   | Learned a level 1 spell: Apportation
  7675 | D:9      | Found a shattered altar of Ashenzari.
  7684 | Orc:1    | Entered Level 1 of the Orcish Mines
  7688 | Orc:1    | Offered knowledge of Airstrike by Vehumet.
  8123 | Orc:1    | Noticed Josephine
  8132 | Orc:1    | Reached **** piety under Vehumet
  8138 | Orc:1    | Killed Josephine
  8138 | Orc:1    | Reached XP level 12. HP: 75/89 MP: 6/24
  8161 | Orc:1    | Learned a level 4 spell: Airstrike
  8165 | Orc:1    | Found Naraohy's Weapon Shoppe.
  8301 | Orc:2    | Entered Level 2 of the Orcish Mines
  8301 | Orc:2    | Noticed Azrael
  8316 | Orc:1    | Killed Azrael
  8372 | Orc:2    | Noticed Nessos
  8433 | Orc:1    | Offered knowledge of Lightning Bolt by Vehumet.
  8603 | Orc:2    | Noticed Rupert
  9155 | Orc:2    | Killed Nessos
  9346 | Orc:2    | Noticed a two-headed ogre
  9352 | Orc:1    | Killed a two-headed ogre
  9411 | Orc:2    | Reached ***** piety under Vehumet
  9537 | Orc:2    | Killed Rupert
  9674 | Orc:2    | Offered knowledge of Bolt of Draining by Vehumet.
  9756 | Orc:2    | Found a staircase to the Elven Halls.
  9823 | Orc:2    | Noticed an orc high priest
  9827 | Orc:2    | Killed an orc high priest
  9853 | Orc:2    | Reached XP level 13. HP: 68/98 MP: 18/26
 10039 | Orc:2    | Paralysed by an orc sorcerer for 2 turns
 10213 | Orc:2    | Found Cidit's Armour Boutique.
 10213 | Orc:2    | Found Kitoskuvu's Book Emporium.
 10215 | Orc:2    | Found Waluul's General Store.
 10215 | Orc:2    | Found Otoid's Assorted Antiques.
 10241 | Orc:2    | Bought a scroll of identify for 36 gold pieces
 10243 | Orc:2    | Bought a bubbling blue potion for 24 gold pieces
 10243 | Orc:2    | Bought a scroll labeled GENKO ORIED for 27 gold pieces
 10301 | Orc:1    | Noticed a stone giant
 10626 | Orc:1    | Killed a stone giant
 10758 | Orc:2    | Bought a shimmering short sword for 216 gold pieces
 10758 | Orc:2    | Bought a scroll of teleportation for 81 gold pieces
 10758 | Orc:2    | Bought a scroll of teleportation for 81 gold pieces
 10760 | Orc:2    | Bought a book of Transfigurations for 715 gold pieces
 10974 | Lair:1   | Noticed Harold
 10990 | Lair:1   | Killed Harold
 11420 | Lair:2   | Identified the cursed +1 short sword "Upauthya" {vamp, rN+}
                  | (You bought it in a shop on level 2 of the Orcish Mines)
 11579 | Lair:2   | You fall through a shaft!
 11762 | Lair:3   | Found a staircase to the Shoals.
 11866 | Lair:3   | Found a staircase to the Snake Pit.
 12041 | Lair:3   | Offered knowledge of Bolt of Magma by Vehumet.
 12729 | Lair:4   | Found the +10 morningstar "Eos" {elec, Halo rElec}
 12936 | Lair:5   | Reached skill level 10 in Spellcasting
 13019 | Lair:5   | Got a translucent short sword
 13048 | Lair:5   | Reached XP level 14. HP: 106/106 MP: 28/28
 13609 | Lair:6   | Entered Level 6 of the Lair of Beasts
 13703 | Lair:5   | Reached skill level 10 in Dodging
 13810 | Lair:6   | Identified the +8 short sword "Onteafym" {antimagic, Int+3}
                  | (You found it on level 5 of the Lair of Beasts)
 14438 | Lair:6   | Offered knowledge of Poison Arrow by Vehumet.
 14442 | Lair:6   | Reached skill level 10 in Stealth
 14564 | Lair:6   | Learned a level 5 spell: Irradiate
 14775 | Lair:6   | Reached skill level 10 in Invocations
 14867 | Lair:6   | Got a warped quarterstaff
 15217 | Lair:6   | Found a runed translucent door.
 15407 | Lair:6   | Learned a level 1 spell: Confusing Touch
 15607 | Lair:6   | Found a staircase to the Slime Pits.
 15995 | Lair:2   | Identified the +1 quarterstaff "Ysofoj" {pain, Int+3
                  | Stlth+} (You found it on level 6 of the Lair of Beasts)
 16297 | Shoals:1 | Entered Level 1 of the Shoals
 16803 | Shoals:1 | Reached XP level 15. HP: 21/114 MP: 29/29
 16817 | Shoals:1 | Killed from afar by a manticore

Skill      XL: |  1  2  3  4  5  6  7  8  9 10 11 12 13 14 |
---------------+-------------------------------------------+-----
Conjurations   | 2 3 4 5 6 7 8 |  8.3
Spellcasting   | 5 6 7 8 9 10 | 10.7
Invocations    | 1 2 3 4 5 6 7 8 9 10 | 10.3
Fighting       | 1 2 3 4 5 6 7 8 9 |  9.5
Short Blades   | 1 2 3 4 5 6 7 8 9 |  9.5
Long Blades    | 1 2 3 4 5 6 7 8 9 |  9.5
Axes           | 1 2 3 4 5 6 7 8 9 |  9.5
Maces & Flails | 1 2 3 4 5 6 7 8 9 |  9.5
Polearms       | 1 2 3 4 5 6 7 8 9 |  9.5
Staves         | 1 2 3 4 5 6 7 8 9 |  9.5
Slings         | 1 2 3 4 5 6 7 8 9 |  9.5
Bows           | 1 2 3 4 5 6 7 8 9 |  9.5
Crossbows      | 1 2 3 4 5 6 7 8 9 |  9.5
Throwing       | 1 2 3 4 5 6 7 8 9 |  9.5
Armour         | 1 2 3 4 5 6 7 8 9 |  9.5
Shields        | 1 2 3 4 5 6 7 8 9 |  9.5
Unarmed Combat | 1 2 3 4 5 6 7 8 9 |  9.5
Evocations     | 1 2 3 4 5 6 7 8 9 |  9.5
Hexes          | 1 2 3 4 5 6 7 8 |  8.0
Charms         | 1 2 3 4 5 6 7 8 |  8.0
Summonings     | 1 2 3 4 5 6 7 8 |  8.0
Necromancy     | 1 2 3 4 5 6 7 8 |  8.0
Translocations | 1 2 3 4 5 6 7 8 |  8.0
Transmutations | 1 2 3 4 5 6 7 8 |  8.0
Ice Magic      | 1 2 3 4 5 6 7 8 |  8.0
Air Magic      | 1 2 3 4 5 6 7 8 |  8.0
Earth Magic    | 1 2 3 4 5 6 7 8 |  8.0
Poison Magic   | 1 2 3 4 5 6 7 8 |  8.0
Dodging        | 5 6 7 8 9 10 | 10.5
Stealth        | 5 6 7 8 9 10 | 10.4
Fire Magic     | 6 7 8 9 |  9.7

Action                   |  1- 3 |  4- 6 |  7- 9 | 10-12 | 13-15 || total
-------------------------+-------+-------+-------+-------+-------++-------
Melee: Spear             |    63 |    71 |    45 |       |       ||   179
       Bite              |       |     4 |    21 |    29 |    50 ||   104
       War axe           |       |       |   148 |       |       ||   148
       Glaive            |       |       |    43 |   527 |   379 ||   949
       Dagger            |       |       |     1 |       |       ||     1
       Long sword        |       |       |       |       |    13 ||    13
       Scimitar          |       |       |       |       |     1 ||     1
 Fire: Longbow           |       |       |       |    12 |     8 ||    20
Throw: Javelin           |       |     3 |     8 |    10 |    10 ||    31
       Tomahawk          |       |       |       |     2 |       ||     2
 Cast: Flame Tongue      |    39 |    69 |    42 |    50 |    39 ||   239
       Conjure Flame     |     3 |     3 |    14 |    20 |    11 ||    51
       Throw Flame       |       |    15 |    15 |    27 |    11 ||    68
       Sticky Flame      |       |     1 |    11 |    23 |    48 ||    83
       Inner Flame       |       |     1 |     3 |     8 |     8 ||    20
       Apportation       |       |       |       |    22 |    90 ||   112
       Fireball          |       |       |       |    19 |   113 ||   132
       Summon Lightning  |       |       |       |     2 |    15 ||    17
       Animate Skeleton  |       |       |       |    14 |    97 ||   111
Evoke: Wand              |       |     1 |     2 |    17 |     4 ||    24
  Use: Scroll            |     1 |     5 |    12 |    12 |    14 ||    44
       Potion            |     2 |     1 |     3 |     7 |     7 ||    20
 Stab: Sleeping          |     5 |     3 |     3 |     7 |     3 ||    21
       Distracted        |       |       |     2 |     3 |     8 ||    13
       Paralysed         |       |       |       |     4 |       ||     4
       Invisible         |       |       |       |    13 |     4 ||    17
  Eat: Chunk             |       |     5 |    10 |    25 |    41 ||    81
       Ration            |       |       |       |     1 |     3 ||     4
Armor: Robe              |     5 |    10 |     9 |       |       ||    24
       Scale mail        |       |       |    41 |   332 |   243 ||   616
Dodge: Dodged            |    20 |    28 |   120 |   511 |   369 ||  1048
Block: Buckler           |     1 |    11 |    24 |       |     2 ||    38
       Rpst.: Long sword |       |       |       |       |     5 ||     5
